 Dungeon Crawl Stone Soup version 0.22.1-2-g9c5b331383 (webtiles) character file.

93 Jerry the Shield-Bearer (level 4, -3/31 HPs)
             Began as a Halfling Fighter on Nov 27, 2018.
             Slain by a gnoll
             ... wielding a +0 flail
              (7 damage)
             ... on level 2 of the Dungeon.
             The game lasted 00:03:07 (1385 turns).

Jerry the Shield-Bearer (Halfling Fighter)          Turns: 1385, Time: 00:03:07

Health: -3/31      AC:  7    Str: 18    XL:     4   Next: 91%
Magic:  4/4        EV:  9    Int:  6    God:
Gold:   102        SH:  9    Dex: 13    Spells: 3/3 levels left

rFire    . . .     SeeInvis .   a - +0 long sword
rCold    . . .     Gourm    .   c - +0 shield
rNeg     . . .     Faith    .   b - +0 scale mail
rPois    .         Spirit   .   (no helmet)
rElec    .         Reflect  .   (no cloak)
rCorr    .         Harm     .   (no gloves)
MR       .....                  (no boots)
Stlth    ..........             (no amulet)
HPRegen  0.10/turn              (no ring)
MPRegen  0.09/turn              (no ring)

@: no status effects
A: small, mutation resistance 1
a: no special abilities


You were on level 2 of the Dungeon.
You were not hungry.

You visited 1 branch of the dungeon, and saw 2 of its levels.

You collected 102 gold pieces.

Inventory:

Hand Weapons
 a - a +0 long sword (weapon)
Armour
 b - a +0 scale mail (worn)
 c - a +0 shield (worn)
Jewellery
 m - a +3 ring of intelligence {unknown}
Scrolls
 e - a scroll of magic mapping {unknown}
 i - 4 scrolls of enchant weapon {unknown}
 k - a scroll of teleportation {unknown}
 n - a scroll of enchant armour {unknown}
 o - a scroll of identify {unknown}
Potions
 d - 2 potions of might
 h - a potion of invisibility {unknown}
 j - a potion of lignification {unknown}
 l - a potion of mutation {unknown}
Comestibles
 f - 2 rations
 g - 5 chunks of flesh


   Skills:
 + Level 3.1 Fighting
 * Level 3.2 Long Blades
 + Level 3.7 Armour
 + Level 1.3 Dodging
 + Level 3.8 Shields


You had 3 spell levels left.
You didn't know any spells.
Your spell library was empty.

Dungeon Overview and Level Annotations

Branches:
Dungeon (2/15)

Altars:


Innate Abilities, Weirdness & Mutations

You are small and have problems with some larger weapons.
You are somewhat resistant to further mutation.


Message History

The gnoll hits you with a flail. x2
* * * LOW HITPOINT WARNING * * *
You barely miss the gnoll.
The gnoll is heavily wounded.
The gnoll hits you with a flail.
* * * LOW HITPOINT WARNING * * *
You closely miss the gnoll.
The gnoll is heavily wounded.
The gnoll hits you with a flail.
* * * LOW HITPOINT WARNING * * *
Your shield and scale mail prevent you from hitting the gnoll.
The gnoll is heavily wounded.
The gnoll hits you but does no damage.
You hit the gnoll but do no damage.
The gnoll is heavily wounded.
The gnoll closely misses you.
You hit the gnoll.
The gnoll is heavily wounded.
The gnoll hits you with a flail!
You die...

........#.........# ####.# #####
...÷....#.........###....####....
..............................##.
.##...##............############.
########.........##.# #........
##.......##......##.. #. .####...
##...)<............. .. ##.##
##.....#.......g####.#### .....
##.....#.#..#...@.#...... .....##
#######..#.##.....).....#..#### #
#.##.###.#.†###...#. ##### #.##.#
#.##>..< .. ....###.##.#
#.####### . # ###...#.##.# #.##
.. .. ###...##.# #..# .##
##.....# ##.#####.... ##.....##
#.........#


You could see a gnoll.

Vanquished Creatures
  2 gnolls (D:2)
  An adder (D:2)
  A worm (D:2)
  4 dart slugs (D:1)
  2 leopard geckos
  2 giant cockroaches (D:1)
  4 goblins
  7 hobgoblins
  A kobold (D:2)
  A quokka (D:2)
  5 bats
  2 frilled lizards (D:2)
  24 rats (D:1)
56 creatures vanquished.

Notes
Turn   | Place    | Note
-------+----------+-------------------------------------------
     0 | D:1      | Jerry the Halfling Fighter began the quest for the Orb.
     0 | D:1      | Reached XP level 1. HP: 15/15 MP: 1/1
    99 | D:1      | Reached XP level 2. HP: 19/20 MP: 2/2
   372 | D:1      | Reached XP level 3. HP: 22/25 MP: 3/3
   636 | D:1      | Reached skill level 1 in Dodging
  1029 | D:2      | Reached XP level 4. HP: 24/30 MP: 4/4
  1385 | D:2      | Slain by a gnoll

Skill      XL: |  1  2  3  4 |
---------------+-------------+-----
Dodging        | 1 |  1.3
Long Blades    | 3 |  3.2
Fighting       | 3 |  3.1
Armour         | |  3.7
Shields        | |  3.8

Action                   |  1- 3 |  4- 6 || total
-------------------------+-------+-------++-------
Melee: Long sword        |   105 |    60 ||   165
  Eat: Chunk             |     1 |     1 ||     2
Armor: Scale mail        |    39 |    26 ||    65
Dodge: Dodged            |    44 |    19 ||    63
Block: Shield            |    62 |    30 ||    92
       Rpst.: Long sword |    13 |     7 ||    20
